 Dungeon Crawl Stone Soup version 0.30-a0-364-gf6b3ef1049 (webtiles) character file.

Game seed: 13035944358969770773

245 mcwallace the Sneak (level 5, -1/30 HPs)
             Began as a Vampire Enchanter on Nov 15, 2022.
             Slain by Natasha (7 damage)
             ... on level 2 of the Dungeon.
             The game lasted 00:03:13 (1417 turns).

mcwallace the Sneak (Vampire Enchanter)             Turns: 1417, Time: 00:03:14

Health: -1/30      AC:  2    Str:  7    XL:     5   Next: 83%
Magic:  1/9        EV: 13    Int: 17    God:
Gold:   81         SH:  0    Dex: 17    Spells: 4/9 levels left

rFire   . . .      SeeInvis +    a - +1 dagger {short}
rCold   + + .      Faith    .    (no shield)
rNeg    + + +      Spirit   .    b - +0 robe rPois โˆž Reflect .
                                 (no helmet)
rElec   .          Harm     .    (no cloak)
rCorr   .          Rampage  .    (no gloves)
Will    .....                    (no boots)
Stlth   +++++.....               (no amulet)
HPRegen 0.00/turn                d - ring of flight
MPRegen 0.11/turn                (no ring)

@: flying, very slightly contaminated, bloodless, inhibited regen
A: bloodless, fangs 3, see invisible, vampiric 2
a: Bat Form, Revivify


You were on level 2 of the Dungeon.
You visited 1 branch of the dungeon, and saw 2 of its levels.

You collected 81 gold pieces.


Innate Abilities, Weirdness & Mutations

You do not regenerate when monsters are visible.
You are frail without blood (-20% HP).
You can heal yourself when you bite living creatures.
You are immune to poison.
You have razor-sharp teeth.
You have supernaturally acute eyesight. (SInv)
You are afflicted with vampirism and can become a bat while bloodless.


   Skills:
 + Level 1.8 Fighting
 + Level 2.8 Short Blades
 + Level 3.3 Dodging
 + Level 5.6 Stealth
 + Level 2.9 Spellcasting
 + Level 5.5 Hexes


You had 4 spell levels left.
You knew the following spells:

 Your Spells              Type           Power      Damage    Failure   Level
a - Ensorcelled Hibernat  Hex/Ice        22%        N/A       9%          2
b - Tukima's Dance        Hex            21%        N/A       5%          3

Your spell library contained the following spells:

 Spells                   Type           Power      Damage    Failure   Level
 Confusing Touch          Hex            21%        N/A       5%          3
 Dazzling Flash           Conj/Hex       22%        N/A       17%         3
 Foxfire                  Conj/Fire      8%         2x1d4     19%         1
 Sublimation of Blood     Necr           2%         N/A       26%         2
 Wereblood                Tmut           2%         N/A       26%         2
 Fireball                 Conj/Fire      1%         3d3       99%         5
 Starburst                Conj/Fire      1%         6d3       100%        6
 Summon Hydra             Summ           1%         N/A       100%        7

Inventory:

Hand Weapons
 a - a +1 dagger (weapon) {short}
Missiles
 k - 15 stones (quivered) {throwing}
 o - a throwing net {=f!fthrowing}
Armour
 b - a +0 robe (worn)
 f - a +0 leather armour
   (You found it on level 1 of the Dungeon)
 l - a +0 ring mail
   (You found it on level 1 of the Dungeon)
 p - a +0 robe
   (You took it off Sigmund on level 2 of the Dungeon)
Jewellery
 d - a ring of flight (left hand)
   (You found it on level 1 of the Dungeon)
Wands
 q - a wand of flame (22)
   (You took it off Sigmund on level 2 of the Dungeon)
Scrolls
 h - a scroll of amnesia {unknown}
 j - 2 scrolls of magic mapping {unknown}
 m - a scroll of identify {unknown}
Potions
 c - 2 potions of invisibility
 e - 2 potions of might {unknown}
 g - a potion of lignification {unknown}
 i - 3 potions of degeneration {unknown}
 n - a potion of attraction {unknown}

Dungeon Overview and Level Annotations

Branches:
Dungeon (2/15) Zot: 10595

Altars:
Nemelex Xobeh

Annotations:
D:2 Natasha

#.......####..........#
#....#### #..####.###.#
#.#### ##..##...# #.#
#...### #.โ€ .#....# #.#
#.....## #...#รท...# #.#
#......###........#
#.###..##....######
#.###...#....#
#..##...#..@.####..
#..........h....... #
###########Z###########
# ##+..# #.##.##.# #
##...## #.##.##.# ##
##โ€ ....###.##..#.# ##.
#.......##.###.#.# #<.
#.........#.##....####..
+.........'.......).....


You could see Natasha and a ball python skeleton.


Message History

p - a +0 robe;
q - a wand of flame (22);
i - 3 brown potions (gained 2)
You see here a +0 scythe {polearm}.
A worm comes into view. ๐Ÿ˜Ž HP[+7] MP[+2]
Your hp is fully restored (30).
Your mp is fully restored (9).
The helpless worm fails to defend itself.
You impale the worm!!
You kill the worm!
No target in view!
No target in view!
You see here a worm corpse.
You now have 81 gold pieces (gained 5).
A rat comes into view.
A rat is nearby!
A rat is nearby!
The helpless rat fails to defend itself.
You bite the rat, and draw its blood! You impale the rat!!
You kill the rat!
No target in view!
No target in view!
You see here a rat corpse.
You see here a rat corpse.
Key pressed, stopping explore.
You reach down and open the door.
There is an open door here.
Key pressed, stopping explore.
Key pressed, stopping explore.
A hobgoblin is nearby!
The hobgoblin shouts!
The hobgoblin closely misses you.
You closely miss the hobgoblin.
You bite the hobgoblin, but do no damage.
The hobgoblin completely misses you.
You closely miss the hobgoblin. The hobgoblin hits you. ๐Ÿ˜• HP[-1]
You take 1 damage, and now have 29/30 hp.
A hobgoblin is nearby!
A hobgoblin is nearby!
You hit the hobgoblin. The hobgoblin barely misses you.
A hobgoblin is nearby!
You closely miss the hobgoblin.
The hobgoblin hits you but does no damage.
A hobgoblin is nearby!
You closely miss the hobgoblin.
A hobgoblin is nearby!
You hit the hobgoblin.
You kill the hobgoblin!
Natasha, Servant of Life and Death comes into view.
She is carrying a wand of quicksilver (7). ๐Ÿ˜Ž HP[+1]
Your hp is fully restored (30).
Natasha hisses angrily.
Casting: Ensorcelled Hibernation (safe; 9% risk of failure)
Confirm with . or Enter, or press ? or * to list all spells.
Aiming: Ensorcelled Hibernation (safe; 9% risk of failure)
Press: ? - help, Shift-Dir - straight line, f - Natasha
Aim: Natasha, carrying a wand of quicksilver (7) (chance to affect: 45%)
You miscast Ensorcelled Hibernation.
You are very lightly contaminated with residual magic.
Nothing appears to happen. ๐Ÿ˜Ž MP[-2]
You lost 2 mp, and now have 7/9 mp.
Casting: Ensorcelled Hibernation (safe; 9% risk of failure)
Confirm with . or Enter, or press ? or * to list all spells.
Aiming: Ensorcelled Hibernation (safe; 9% risk of failure)
Press: ? - help, Shift-Dir - straight line, f/p - Natasha
Aim: Natasha, carrying a wand of quicksilver (7) (chance to affect: 45%) Natasha resists with some effort.
Natasha zaps a wand.
The bolt of dispelling energy hits you!
A ball python skeleton comes into view. ๐Ÿ˜ฎ HP[-12] MP[-2]
You take 12 damage, and now have 18/30 hp.
MASSIVE DAMAGE!! (PAUSE)
You lost 2 mp, and now have 5/9 mp.
Unknown command.
Casting: Ensorcelled Hibernation (safe; 9% risk of failure)
Confirm with . or Enter, or press ? or * to list all spells.
Aiming: Ensorcelled Hibernation (safe; 9% risk of failure)
Press: ? - help, Shift-Dir - straight line, f/p - Natasha
Aim: Natasha, carrying a wand of quicksilver (6) (chance to affect: 45%) Natasha resists with some effort.
Natasha zaps a wand.
The bolt of dispelling energy hits you!
* * * LOW HITPOINT WARNING * * *
๐Ÿ˜ฑ HP[-12] MP[-2]
You take 12 damage, and now have 6/30 hp.
MASSIVE DAMAGE!! (PAUSE)
You lost 2 mp, and now have 3/9 mp.
Unknown command.
Unknown command.
Casting: Ensorcelled Hibernation (safe; 9% risk of failure)
Confirm with . or Enter, or press ? or * to list all spells.
Aiming: Ensorcelled Hibernation (safe; 9% risk of failure)
Press: ? - help, Shift-Dir - straight line, f/p - Natasha
Aim: Natasha, carrying a wand of quicksilver (5) (chance to affect: 45%) Natasha resists with some effort. ๐Ÿ˜ฑ MP[-2]
You lost 2 mp, and now have 1/9 mp.
Natasha claws you!
You die...

Skill      XL: |  1  2  3  4 |
---------------+-------------+-----
Fighting       | 1 |  1.8
Short Blades   | 2 |  2.8
Stealth        | 5 |  5.6
Hexes          | 5 |  5.5
Dodging        | 3 |  3.3
Spellcasting   | |  2.9

Action                   |  1- 3 |  4- 6 || total
-------------------------+-------+-------++-------
Melee: Dagger            |   111 |    37 ||   148
       Bite              |     6 |     6 ||    12
 Cast: Ensorcelled Hiber |       |     4 ||     4
 Abil: Exsanguinate      |     1 |       ||     1
 Stab: Sleeping          |    12 |     5 ||    17
       Distracted        |     1 |       ||     1
Armor: Robe              |    12 |     5 ||    17
Dodge: Dodged            |    65 |    24 ||    89

Levels and vault maps discovered:
D:1:      dpeg_arrival_pits, layout_loops_ring, solitary_fountain
D:2:      minmay_recursive_quarters, layout_loops_corners, serial_undead,
          serial_undead_d, serial_undead_a, serial_undead_a, serial_undead_a,
          serial_undead_a, serial_undead_b, serial_undead_b, basic_altar,
          uniq_sigmund, uniq_jessica, uniq_natasha

Notes
Turn   | Place    | Note
-------+----------+-------------------------------------------
     0 | D:1      | mcwallace the Vampire Enchanter began the quest for the
                  | Orb.
     0 | D:1      | Reached XP level 1. HP: 13/13 MP: 3/3
     0 | D:1      | magus.rc [v1.9.6]
   155 | D:1      | Reached XP level 2. HP: 9/20 MP: 5/5
   348 | D:1      | You pick up a book of Fire and begin reading...
   348 | D:1      | You add the spells Foxfire, Fireball and Starburst to your
                  | library.
   728 | D:2      | Gained mutation: You are afflicted with vampirism and can
                  | become a bat while bloodless. [Vampire growth]
   728 | D:2      | Reached XP level 3. HP: 20/20 MP: 6/6
   734 | D:2      | Learned a level 2 spell: Ensorcelled Hibernation
   738 | D:2      | Learned a level 3 spell: Tukima's Dance
   782 | D:2      | Noticed Sigmund
   842 | D:2      | Found a sparkling altar of Nemelex Xobeh.
   855 | D:2      | Reached skill level 1 in Fighting
  1004 | D:2      | You pick up a book of Blood and begin reading...
  1004 | D:2      | You add the spells Sublimation of Blood, Wereblood and
                  | Summon Hydra to your library.
  1161 | D:2      | Noticed Natasha
  1168 | D:2      | Killed Natasha
  1169 | D:2      | Reached skill level 2 in Short Blades
  1169 | D:2      | Reached skill level 5 in Stealth
  1169 | D:2      | Reached XP level 4. HP: 25/25 MP: 7/7
  1224 | D:2      | Reached skill level 5 in Hexes
  1252 | D:2      | Killed Sigmund
  1253 | D:2      | Reached skill level 3 in Dodging
  1253 | D:2      | Reached XP level 5. HP: 30/30 MP: 7/9
  1411 | D:2      | Noticed Natasha
  1415 | D:2      | HP: 6/30 [Natasha/bolt of dispelling energy (12)]
  1417 | D:2      | Slain by Natasha

Vanquished Creatures
  Sigmund (D:2)
  Natasha (D:2)
  An adder (D:2)
  2 adder zombies (D:2)
  A worm (D:2)
  3 dart slugs (D:2)
  A bat (D:2)
  4 endoplasms
  A giant cockroach (D:2)
  4 goblins (D:1)
  5 hobgoblins
  2 quokkas
  4 ball pythons
  A ball python skeleton (D:2)
  2 ball python zombies (D:2)
  3 frilled lizards
  6 kobolds
  A quokka skeleton (D:2)
  9 rats
52 creatures vanquished.

Vanquished Creatures (others)
  2 withered plants (D:2)
2 creatures vanquished.

Grand Total: 54 creatures vanquished

Table legend:
 A = Non-vault XP
 B = Vault XP
 C = Vault XP percentage of total XP
 D = Non-vault monster count
 E = Vault monster count
 F = Vault count percentage of total count
                 A         B        C        D         E       F
            +---------+---------+-------+---------+---------+-------
      Total |      80 |     270 |  77.1 |      39 |      13 |  25.0
            +---------+---------+-------+---------+---------+-------
        D:1 |      28 |       0 |   0.0 |      18 |       0 |   0.0
        D:2 |      52 |     270 |  83.9 |      21 |      13 |  38.2
            +---------+---------+-------+---------+---------+-------

Illustrated notes

Table legend:
 A = Kills in this place as a percentage of kills in entire the game.
 B = Kills by you in this place as a percentage of kills by you in the entire game.
 C = Kills by friends in this place as a percentage of kills by friends in the entire game.
 D = Other kills in this place as a percentage of other kills in the entire game.
 E = Experience gained in this place as a percentage of experience gained in the entire game.
 F = Experience gained in this place divided by the number of levels of this place that you have seen.
                   A       B       C       D       E      F
               +-------+-------+-------+-------+-------+----------------------
         Total | 100.0 | 100.0 |   N/A |   N/A | 100.0 | 175.0
       Dungeon | 100.0 | 100.0 |   N/A |   N/A | 100.0 | 175.0
               +-------+-------+-------+-------+-------+----------------------

Table legend: (Time is in decaauts)
 A = Elapsed time spent in this place.
 B = Non-inter-level travel time spent in this place.
 C = Inter-level travel time spent in this place.
 D = Time resting spent in this place.
 E = Time spent auto-exploring this place.
 F = Levels seen in this place.
 G = Mean time per level.
                   A        B        C        D        E       F      G
               +--------+--------+--------+--------+--------+-----+--------+
         Total |   1403 |   1367 |     36 |      0 |    964 |   2 |  701.5 |
       Dungeon |   1403 |   1367 |     36 |      0 |    964 |   2 |  701.5 |
               +--------+--------+--------+--------+--------+-----+--------+

Top non-repeatable levels by time:
     D:2: 710 daAuts
     D:1: 693 daAuts
